 Dungeon Crawl Stone Soup version 0.19-a0-1672-g679cadd (webtiles) character file.

1007238 Leszczynek the Hawkeye (level 27, 0/306 HPs)
             Began as an Ogre Necromancer on Sept 13, 2016.
             Was the Champion of Makhleb.
             Slain by an iron giant
             ... wielding a +0 giant club
              (44 damage)
             ... on level 7 of the Iron City of Dis on Sept 22, 2016.
             The game lasted 08:02:52 (49036 turns).

Leszczynek the Hawkeye (Ogre Necromancer)          Turns: 49036, Time: 08:02:53

Health: 0/306      AC: 24    Str: 24 (25) XL:     27
Magic:  35/39      EV: 26    Int: 12 (13) God:    Makhleb [******]
Gold:   3425       SH: 25    Dex: 17 (18) Spells: 14 memorised, 0 levels left

rFire  + + .     SeeInvis +     a - +5 eveningstar (crush)
rCold  + . .     Gourm    .     (armour currently unavailable)
rNeg   + + .     Faith    .     c - +0 large shield {rF+}
rPois  ∞         Spirit   .     S - +0 mask of the Dragon {MR+ Slay+3 SInv}
rElec  +         Dismiss  .     V - +0 cloak "Ulopn" {rF+ Dex+2 Slay+2}
rCorr  .         Reflect  .     (gloves unavailable)
MR     +++++     Harm     .     (boots unavailable)
Stlth  +......... Clarity  +    F - amulet of the Four Winds {rN+ MR+++ Clar}
                                q - +5 ring of evasion
                                e - ring "Wirasm" {rC+ Str+4 Stlth-}

@: statue-form, very slightly contaminated, drained, very slow
A: unfitting armour, horns 1, repulsion field 1, large bone plates 1, thin
skeletal structure 1, blurry vision 2, deterioration 2, dopey 2, frail 2, (tough
skin 0), weak 1, subdued magic 1
a: End Transformation, Minor Destruction, Lesser Servant of Makhleb, Major
Destruction, Greater Servant of Makhleb, Renounce Religion
}: 13/15 runes: decaying, slimy, silver, golden, obsidian, bone, abyssal,
demonic, glowing, magical, fiery, dark, gossamer


You were on level 7 of the Iron City of Dis.
You worshipped Makhleb.
Makhleb was exalted by your worship.
You were hungry.
You were a stone statue.
You visited 15 branches of the dungeon, and saw 77 of its levels.
You visited Pandemonium 1 time, and saw 27 of its levels.
You visited the Abyss 1 time.
You visited 1 ziggurat, and saw 8 of its levels.
You also visited: Labyrinth, Sewer, Bailey and Wizlab.

You collected 5575 gold pieces.
You spent 2150 gold pieces at shops.

Inventory:

Hand Weapons
 a - a +5 eveningstar of crushing (weapon)
 b - a +8 sacred scourge of holy wrath
 k - a +2 antimagic demon whip
Missiles
 s - 11 javelins of penetration
 J - 67 large rocks (quivered)
Armour
 c - a +0 large shield of fire resistance (worn)
 r - a +5 swamp dragon armour (melded)
 S - the +0 mask of the Dragon (worn) {MR+ Slay+3 SInv}
   (You found it in a labyrinth)

   It affects your accuracy and damage with ranged weapons and melee attacks
   (+3).
   It affects your resistance to hostile enchantments.
   It lets you see invisible.
 V - the +0 cloak "Ulopn" (worn) {rF+ Dex+2 Slay+2}
   (You found it on level 5 of the Vaults)

   It affects your dexterity (+2).
   It affects your accuracy and damage with ranged weapons and melee attacks
   (+2).
   It protects you from fire.
Magical Staves
 z - an uncursed staff of wizardry
Jewellery
 e - the ring "Wirasm" (left hand) {rC+ Str+4 Stlth-}
   (You found it on level 4 of the Lair of Beasts)

   [ring of loudness]

   It affects your strength (+4).
   It protects you from cold.
   It makes you less stealthy.
 q - a +5 ring of evasion (right hand)
 w - the ring of Ami Ridd {Ice rN+ Str+3}
   (You found it on level 6 of a ziggurat)

   [ring of ice]

   It enhances your ice magic.
   It affects your strength (+3).
   It makes you vulnerable to fire.
   It protects you from cold.
   It protects you from negative energy.
 x - an uncursed ring of resist corrosion
 F - the amulet of the Four Winds (around neck) {rN+ MR+++ Clar}
   (You took it off a deep elf master archer on level 3 of the Elven Halls)

   [amulet of nothing]

   It protects you from negative energy.
   It affects your resistance to hostile enchantments.
   It protects you against confusion.
Wands
 f - a wand of hasting (3/9)
 m - a wand of digging (14/24)
 G - a wand of teleportation (6/9)
 H - a wand of acid (1/15)
 O - a wand of disintegration (2/24)
 T - a wand of paralysis (8/24)
 Y - a wand of confusion (11/48)
 Z - a wand of heal wounds (5/9)
Scrolls
 n - 10 scrolls of fog
 o - a scroll of summoning
 t - 3 scrolls of recharging
 C - 2 scrolls of blinking
 I - 4 scrolls of identify
 N - 17 scrolls of remove curse
 U - 3 scrolls of teleportation
Potions
 g - 20 potions of flight
 i - 6 potions of resistance
 u - a potion of beneficial mutation
 A - 17 potions of curing
 D - 3 potions of magic
 E - a potion of haste
 M - 2 potions of might
 Q - 6 potions of brilliance
 W - 2 potions of agility
 X - a potion of cancellation
Miscellaneous
 j - 4 sacks of spiders
 l - 6 phantom mirrors
 v - 6 boxes of beasts
 y - a lamp of fire
 B - a fan of gales
 P - a figurine of a ziggurat
 R - a phial of floods
Comestibles
 h - 25 meat rations


   Skills:
 - Level 20.8(20.5) Fighting
 - Level 20.9(20.6) Maces & Flails
 + Level 22.8(22.4) Throwing
 - Level 7.6(7.4) Armour
 - Level 13.4(13.1) Dodging
 - Level 1.5(1.3) Stealth
 - Level 15.6(15.3) Shields
 - Level 12.0(11.7) Spellcasting
 - Level 6.4(6.2) Charms
 - Level 5.1(4.9) Summonings
 - Level 8.0(7.8) Necromancy
 - Level 14.7(14.4) Translocations
 - Level 13.1(12.8) Transmutations
 - Level 5.6(5.4) Air Magic
 - Level 13.1(12.8) Earth Magic
 - Level 10.8(10.6) Invocations
 - Level 15.0(14.7) Evocations


You couldn't memorise any spells.
You knew the following spells:

 Your Spells              Type           Power        Failure   Level  Hunger
a - Apportation           Tloc           ####......   0%          1    None
b - Swiftness             Chrm/Air       ###.....     1%          2    None
c - Passwall              Tmut/Erth      ####......   1%          2    None
d - Blink                 Tloc           N/A          1%          2    None
e - Passage of Golubria   Tloc           N/A          1%          4    ###....
f - Statue Form           Tmut/Erth      ####.....    8%          6    ######.
g - Summon Butterflies    Summ           ##......     1%          1    None
h - Controlled Blink      Tloc           N/A          99%         8    #######
i - Borgnjor's Revivific  Necr           ###.......   100%        8    #######
j - Song of Slaying       Chrm           ###.....     1%          2    None
q - Regeneration          Chrm/Necr      ###.......   1%          3    #......
r - Animate Skeleton      Necr           N/A          1%          1    None
w - Repel Missiles        Chrm/Air       ###...       1%          2    None
O - Death's Door          Chrm/Necr      ###.......   100%        8    #######


Dungeon Overview and Level Annotations

Branches:
Dungeon (15/15)            Temple (0/1) D:4            Lair (6/6) D:9
  Swamp (4/4) Lair:3       Spider (4/4) Lair:4        Slime (5/5) Lair:6
    Orc (2/2) D:11            Elf (3/3) Orc:2        Vaults (5/5) D:14
  Crypt (3/3) Vaults:2       Tomb (3/3) Crypt:3      Depths (5/5) D:15
   Hell (1/1)                 Dis (7/7) Hell            Geh (7/7) Hell
    Tar (7/7) Hell
    Coc: Hell:1         Zot: Depths:5

Altars:
Makhleb
Okawaru
Xom
Yredelemnul
Beogh
Jiyva
Lugonu

Shops:
D:6 *   D:8 [   D:9 %   D:11 ?   D:15 [   Orc:2 =[(*[   Elf:1 (*(   Elf:3 !
Vaults:4 (   Depths:5 =

Portals:
Hell: Depths:2 Depths:3
Abyss: Depths:2
Pandemonium: Depths:3

Annotations:
D:5 Charly's ghost, amateur SpEn
D:13 vault, needs digging, wand + randart ring, ugly thing inside
Lair:2 exclusion: upstairs
Lair:3 swamp, exclusion: upstairs
Lair:4 snake
Lair:5 elephant graveyard probably
Lair:6 spriggan forest, slime
Swamp:2 exclusion: upstairs
Swamp:3 exclusion: 2 downstairs
Swamp:4 Lernaean hydra


Innate Abilities, Weirdness & Mutations

You are too large for most types of armour.
((You have tough skin. (AC +1)))
You have a pair of small horns on your head.
You are surrounded by a mild repulsion field. (EV +2)
(You are partially covered in large bone plates. (SH +4))
You have a somewhat thin skeletal structure. (Dex +2, Stealth)
Scrolls take you longer to read.
Your body often deteriorates upon taking damage.
You are very dopey. (Int -4)
You are very frail. (-20% HP)
You are weak. (Str -2)
Your spells are a little easier to cast, but a little less powerful.


Message History

The war gargoyle hits you with a lajatang.
* * * LOW HITPOINT WARNING * * *
A war gargoyle comes into view. It is wielding a dire flail.
You perforate the iron giant like a sieve!!!
The iron giant is heavily wounded.
The war gargoyle launches metal splinters at you.
The spray of metal splinters misses you.
The iron giant casts a spell at you. The iron shot hits you!
* * * LOW HITPOINT WARNING * * *
Unknown command.
Evoke which item? (* to show all) (? for menu, Esc to quit)
Zapping:
Z - a wand of heal wounds (6/9)
Press: ? - help, Shift-Dir - straight line, f - you You feel much better.
This wand has 5 charges left.
You block the war gargoyle's attack.
The ancient champion casts a spell.
The ancient champion seems to speed up.
The iron giant hits you with a giant club!!!
You die...

##########
########.^......#
...........)....#
.........####...#
.........# #...#
.........# #...#
.........+ #...#
........5####9..#
........9z(C8...#
.........########
.#####+### ###
##... ..... .....
.....


You could see an iron giant, an ancient champion, 2 war gargoyles and an iron
imp.

Vanquished Creatures
  Asmodeus (Geh:7)
  Ereshkigal (Tar:7)
  the Royal Jelly (Slime:5)
  Ignacio (Pan)
  Gloorx Vloq (Pan)
  the Serpent of Hell (Tar:7)
  3 ancient liches
  11 greater mummies
  Boris (Crypt:1)
  Bai Suzhen (Elf:3)
  Geryon (Hell)
  2 golden dragons (Vaults:5)
  A profane servitor (Crypt:3)
  3 pandemonium lords (Pan)
  4 bone dragons
  12 Brimstone Fiends
  6 doom hounds
  3 iron giants
  9 Tzitzimimeh
  A Cloud Mage (WizLab)
  8 Hell Sentinels
  2 hellephants
  5 Ice Fiends (Pan)
  9 tentacled monstrosities
  8 liches
  5 titans
  5 quicksilver dragons
  3 deep elf blademasters (Elf:3)
  3 deep elf master archers (Elf:3)
  3 tentacled starspawn (Abyss:3)
  17 Executioners
  12 acid blobs
  2 thorn hunters (Swamp:3)
  6 ancient champions
  Kirke (D:13)
  6 sphinxes (Tomb:1)
  10 shadow dragons
  2 storm dragons (Vaults:5)
  3 revenants
  5 azure jellies
  3 frost giants
  5 tengu reavers
  8 fire giants
  11 vault wardens
  8 iron dragons
  13 deep elf sorcerers
  A ghost moth (Spider:1)
  5 orc warlords
  16 cacodemons
  18 balrugs
  4 emperor scorpions (Spider:4)
  9 warmongers (Pan)
  4 deep elf elementalists
  3 curse skulls
  A spriggan defender (Depths:2)
  9 ironheart preservers
  A ghoul (Crypt:3)
  A draconian annihilator (Pan)
  34 reapers
  An angel (Pan)
  7 war gargoyles
  14 stone giants
  7 blood saints (Pan)
  8 vampire knights
  11 very ugly things
  2 entropy weavers
  6 chaos champions (Pan)
  5 corrupters (Pan)
  8 deep elf demonologists
  3 lorocyprocas
  Azrael (Elf:2)
  2 bennus (Tomb:3)
  2 spark wasps (Depths:3)
  2 dire elephants (Zig:7)
  3 black suns (Pan)
  A spark wasp (shapeshifter) (Vaults:5)
  7 deep elf annihilators
  10 deep elf death magi
  A spectral titan (Crypt:3)
  9 ettins
  A minotaur (Lab)
  5 death oozes (Slime:5)
  2 merfolk javelineers (Zig:3)
  7 green deaths (Pan)
  14 jiangshi
  10 blizzard demons
  5 fire dragons
  17 mummy priests
  5 deep elf high priests (Elf:3)
  10 great orbs of eyes
  4 ice dragons
  3 rakshasas
  7 yaktaur captains
  2 quicksilver dragon skeletons
  34 vault guards
  2 ghost crabs
  2 hell beasts (Pan)
  16 hydras
  5 death knights
  Erica (D:8)
  10 monstrous demonspawn (Pan)
  5 spriggan air magi
  A catoblepas (Lair:6)
  8 deep troll shamans
  11 dancing weapons
  79 death scarabs
  9 deep troll earth magi
  A spectral stone giant (Crypt:3)
  4 alligators
  A death yak (Lair:6)
  5 centaur warriors
  3 spriggan berserkers
  15 ogre magi
  6 small abominations
  4 thrashing horrors (Abyss:3)
  A storm dragon zombie (Dis:7)
  7 titan zombies
  17 hell hogs
  5 vampire magi
  A shock serpent (shapeshifter) (Vaults:5)
  15 soul eaters
  6 orc high priests
  2 titan skeletons
  16 iron trolls
  27 hell knights
  9 iron golems (Dis:5)
  18 deep elf knights
  31 sun demons
  2 spatial maelstroms
  7 wretched stars
  25 sixfirhies (Pan)
  2 storm dragon skeletons
  8 flayed ghosts
  15 shadow wraiths
  3 anaconda zombies
  15 shadow demons
  2 unseen horrors
  A cherub (Pan)
  30 deep trolls
  A shambling mangrove (Swamp:2)
  55 skeletal warriors
  3 golden dragon zombies
  7 gelid demonspawn (Pan)
  A spriggan druid (Swamp:2)
  A deep troll (shapeshifter) (Vaults:5)
  18 deep elf archers
  An unseen horror (shapeshifter) (Depths:3)
  A shadow dragon zombie (Tar:7)
  8 swamp dragons
  An obsidian statue (Zig:5)
  10 wizards
  5 glowing orange brains
  A sphinx zombie (Vaults:5)
  7 infernal demonspawn (Pan)
  12 necromancers
  10 ironbrand convokers
  2 ghost moth zombies
  3 putrid demonspawn (Pan)
  8 torturous demonspawn (Pan)
  3 harpies (Vaults:3)
  An anaconda skeleton (Geh:1)
  5 phantasmal warriors
  4 hill giants
  3 golden dragon skeletons
  10 orc knights
  2 stone giant zombies
  3 fire giant zombies
  2 wolf spider zombies
  2 removed MONS_GRIFFONs
  7 orb spiders
  4 shining eyes
  4 orc sorcerers
  2 shadow dragon skeletons
  2 tengu skeletons
  18 wolf spiders
  A frost giant zombie (Geh:7)
  2 iron dragon zombies
  37 deep elf magi
  3 manticores
  A shining eye (shapeshifter) (D:13)
  A fire giant skeleton (Vaults:2)
  2 hornets (Spider:4)
  A salamander (shapeshifter) (Vaults:2)
  25 ugly things
  2 shock serpent zombies
  4 dire elephant zombies
  10 cyclopes
  2 elephants
  A naga mage (D:15)
  Joseph (D:8)
  2 frost giant skeletons
  9 vault sentinels
  4 stone giant skeletons
  A centaur zombie (D:10)
  A water nymph (shapeshifter) (D:12)
  A gargoyle (D:13)
  3 black mambas
  17 orange demons
  25 rust devils
  3 eyes of devastation
  16 spiny frogs
  12 molten gargoyles (Geh:7)
  5 spectral swamp worms (Depths:3)
  2 human zombies
  An emperor scorpion zombie (Crypt:1)
  4 dire elephant skeletons
  23 yaktaurs
  38 hellions
  A storm dragon simulacrum (Crypt:1)
  15 demonic crawlers
  A catoblepas zombie (Hell)
  28 smoke demons
  A yaktaur zombie (Vaults:2)
  A yaktaur (shapeshifter) (Vaults:3)
  3 kobold demonologists
  5 efreet
  9 freezing wraiths
  A catoblepas skeleton (Tar:5)
  A rime drake (shapeshifter) (Depths:2)
  16 tormentors
  9 ice devils
  6 komodo dragons
  5 hydra zombies
  21 hellwings (Pan)
  A yaktaur skeleton (Vaults:2)
  An elf skeleton (Depths:1)
  5 human skeletons
  41 guardian mummies
  A troll (Orc:1)
  5 merfolk (Zig:3)
  A polar bear (shapeshifter) (Depths:3)
  2 polar bears (Lair:6)
  24 jumping spiders
  A meliai (shapeshifter) (Vaults:2)
  30 red devils
  5 tyrant leeches
  A harpy skeleton (Tar:3)
  8 wind drakes (WizLab)
  2 wind drakes (shapeshifter) (Depths:2)
  2 minotaur skeletons
  A snapping turtle (Zig:3)
  A raiju (shapeshifter) (Vaults:5)
  14 two-headed ogres
  10 bog bodies
  52 slime creatures
  A fire dragon zombie (Geh:7)
  2 tengu simulacra
  15 raiju (Abyss:3)
  2 hydra skeletons (Geh:2)
  A fire giant simulacrum (Abyss:3)
  A human simulacrum (Vaults:4)
  5 ice dragon zombies
  An ettin zombie (Tomb:3)
  86 flying skulls
  39 redbacks
  4 fire dragon skeletons
  10 spriggans (Lair:6)
  2 ice dragon skeletons
  17 shadows
  5 ettin skeletons
  24 air elementals
  A black mamba zombie (Geh:7)
  5 water elementals
  An elf zombie (Vaults:4)
  9 wraiths
  11 ynoxinuls
  11 tarantellas
  6 wyverns
  4 fire bats
  26 yaks
  4 ushabtiu (Tomb:2)
  18 chaos spawn
  16 neqoxecs
  19 fire elementals
  18 golden eyes
  6 hungry ghosts
  Grum (D:8)
  A yaktaur simulacrum (Vaults:2)
  A vampire mosquito (Zig:2)
  2 basilisks
  11 hippogriffs
  2 spatial vortices (Abyss:3)
  38 large abominations
  9 wargs
  19 swamp worms
  2 merfolk zombies
  10 insubstantial wisps (WizLab)
  3 mottled dragons
  5 water moccasins
  48 hell hounds
  10 swamp drakes
  11 porcupines
  4 eyes of draining
  An elephant zombie (Crypt:1)
  34 orc warriors
  A sky beast (D:12)
  4 ice beasts
  5 phantoms
  A manticore zombie (Geh:1)
  48 ogres
  A black bear (shapeshifter) (Vaults:4)
  27 starcursed masses
  5 black bears
  4 snapping turtle zombies
  9 boggarts
  12 necrophages
  4 wasps
  An ettin simulacrum (Depths:1)
  An ice beast (shapeshifter) (D:15)
  A tengu (shapeshifter) (Vaults:4)
  19 wolves
  2 snapping turtle skeletons
  9 centaurs
  6 crocodiles
  2 swamp dragon skeletons
  A crocodile (shapeshifter) (Vaults:1)
  4 big kobolds
  13 bullfrogs
  A spiny frog simulacrum (Crypt:2)
  6 scorpions
  A water moccasin skeleton (D:9)
  8 killer bees
  58 wights
  3 vampire bats (Lair:6)
  3 howler monkeys
  2 electric eels
  6 crimson imps
  2 wasp zombies
  A bullfrog zombie (D:7)
  5 hounds
  4 centaur skeletons
  12 orc priests
  20 iron imps
  21 orc wizards
  8 worker ants
  25 mummies
  A howler monkey zombie (D:6)
  A worker ant zombie (D:9)
  9 gnolls
  8 adders
  17 river rats
  10 shadow imps
  A white imp (Abyss:3)
  An ooze (D:4)
  An adder skeleton (D:4)
  2 worms (Lair:4)
  3 dart slugs
  3 leopard geckos
  62 orcs
  14 giant cockroaches
  5 goblins
  5 hobgoblins
  8 jackals
  A quokka (D:3)
  A ball python (D:3)
  6 bats
  3 frilled lizards
  A gnoll zombie (Crypt:2)
  A jackal skeleton (D:7)
  24 kobolds
  2 orc zombies
  2 quokka skeletons
  12 rats
  2 crawling corpses (Elf:3)
  2 fire vortices
  A fungus (Lair:6)
  A lurking horror (Abyss:3)
2998 creatures vanquished.

Vanquished Creatures (collateral kills)
  An Ice Fiend (Dis:7)
  A deep elf blademaster (Elf:3)
  2 acid blobs (Slime:5)
  2 tengu reavers (Vaults:5)
  2 frost giants (Vaults:5)
  An orc warlord (D:15)
  A balrug (Pan)
  A war gargoyle (Dis:7)
  An ironheart preserver (Vaults:4)
  2 deep elf annihilators (Elf:3)
  A deep elf high priest (Elf:3)
  4 hydras
  6 vault guards
  An alligator (Swamp:3)
  A hell hog (Dis:5)
  2 death yaks (Lair:6)
  2 orc high priests (Orc:2)
  An iron golem (Dis:7)
  A sun demon (Pan)
  A deep troll (Vaults:4)
  A swamp dragon (Swamp:4)
  A deep elf archer (Vaults:5)
  A shadow dragon zombie (Dis:7)
  A necromancer (Vaults:5)
  2 ugly things (Vaults:2)
  A deep elf mage (D:12)
  4 orb spiders
  An orc sorcerer (D:15)
  2 black mambas
  5 elephants (Lair:5)
  A vault sentinel (Vaults:5)
  2 rust devils
  A frost giant skeleton (Vaults:5)
  2 smoke demons (Pan)
  A centaur skeleton (D:13)
  3 spiny frogs
  A yaktaur zombie (Vaults:5)
  A komodo dragon (Lair:5)
  A rime drake (Lair:5)
  A hellwing (Pan)
  A red devil (Pan)
  A tyrant leech (Swamp:4)
  A polar bear (Lair:6)
  3 two-headed ogres
  2 trolls (Orc:2)
  2 jumping spiders
  A removed MONS_BOULDER_BEETLE (Lair:6)
  4 slime creatures
  2 redbacks
  A hog (D:13)
  2 wyverns
  3 spriggans (Lair:6)
  A tarantella (Spider:1)
  8 yaks
  A hippogriff (Lair:2)
  A chaos spawn (Pan)
  A hungry ghost (D:14)
  2 water moccasins
  A black bear (Lair:6)
  5 orc warriors
  A wasp (Lair:6)
  7 ogres
  7 wolves
  2 crocodiles
  2 bullfrogs
  A human skeleton (Vaults:2)
  A scorpion (Lair:4)
  3 killer bees (D:11)
  3 hounds
  2 orc priests
  A jelly (D:8)
  An orc wizard (Orc:1)
  2 iron imps
  3 worker ants
  3 gnolls
  4 river rats
  2 worms (Lair:4)
  A dart slug (D:1)
  2 leopard geckos
  14 orcs
  2 giant cockroaches (D:1)
  3 goblins
  2 jackals (D:4)
  3 kobolds
  A bat (Lair:6)
  A frilled lizard (D:1)
  2 rats
  A crawling corpse (Elf:3)
  4 fungi
191 creatures vanquished.

Vanquished Creatures (others)
  5 eldritch tentacles
  A bennu (Tomb:3)
  A rakshasa (Pan)
  A hell hog (Geh:7)
  An ogre mage (Vaults:2)
  35 death scarabs
  A skeletal warrior (Tomb:2)
  A necromancer (Geh:7)
  An emperor scorpion zombie (Geh:7)
  A hellwing (Pan)
  A wind drake (WizLab)
  2 redbacks
  6 flying skulls (Tomb:2)
  2 fire bats
  5 humans (D:13)
  A wraith (Geh:7)
  A neqoxec (Pan)
  A chaos spawn (Pan)
  A hippogriff (Lair:6)
  A swamp drake (Zig:5)
  An ogre (Depths:2)
  A wight (Geh:2)
  5 mummies (Tomb:2)
  A ball lightning (Pan)
  24 fungi
  A lurking horror (Abyss:3)
  A plant (Lair:6)
  14 starspawn tentacles (Abyss:3)
117 creatures vanquished.

Grand Total: 3306 creatures vanquished

Notes
Turn   | Place    | Note
-------+----------+-------------------------------------------
     0 | D:1      | Leszczynek the Ogre Necromancer began the quest for the Orb.
     0 | D:1      | Reached XP level 1. HP: 16/16 MP: 3/3
     2 | D:1      | Learned a level 1 spell: Animate Skeleton
    32 | D:1      | Reached skill level 1 in Fighting
    95 | D:1      | Reached skill level 2 in Fighting
   104 | D:1      | Reached XP level 2. HP: 27/28 MP: 0/5
   261 | D:1      | Reached skill level 1 in Maces & Flails
   333 | D:1      | Reached XP level 3. HP: 36/36 MP: 6/6
   577 | D:2      | Learned a level 3 spell: Regeneration
   633 | D:2      | Reached skill level 2 in Maces & Flails
   906 | D:3      | Found a burning altar of Makhleb.
   923 | D:3      | Reached skill level 3 in Maces & Flails
   923 | D:3      | Reached XP level 4. HP: 20/44 MP: 7/7
   938 | D:3      | Became a worshipper of Makhleb the Destroyer
  1002 | D:3      | Reached skill level 4 in Maces & Flails
  1014 | D:3      | Found a faded altar of an unknown god.
  1247 | D:4      | Reached skill level 5 in Maces & Flails
  1247 | D:4      | Reached XP level 5. HP: 38/52 MP: 8/8
  1390 | D:3      | Learned a level 3 spell: Vampiric Draining
  1442 | D:3      | Reached skill level 6 in Maces & Flails
  1496 | D:4      | Reached XP level 6. HP: 30/59 MP: 2/9
  1536 | D:4      | Noticed an ice beast
  1603 | D:3      | Gained mutation: Your muscles are strong. (Str +2) [potion of mutation]
  1603 | D:3      | Gained mutation: Your body sometimes deteriorates upon taking damage. [potion of mutation]
  1603 | D:3      | Gained mutation: You have a pair of small horns on your head. [potion of mutation]
  1604 | D:3      | HP: 2/59 [wight/great sword (9)]
  1609 | D:3      | HP: 5/59 [wight/great sword (4)]
  1610 | D:3      | Reached skill level 7 in Maces & Flails
  1745 | D:4      | Found a staircase to the Ecumenical Temple.
  1750 | D:4      | Reached * piety under Makhleb
  1977 | D:4      | Reached skill level 8 in Maces & Flails
  2220 | D:4      | Reached XP level 7. HP: 29/66 MP: 10/10
  2258 | D:5      | Entered Level 5 of the Dungeon
  2313 | D:5      | Noticed Charly's ghost (amateur SpEn)
  2448 | D:6      | Reached skill level 9 in Maces & Flails
  2562 | D:6      | Found an iron altar of Okawaru.
  2627 | D:6      | Found a glowing drain.
  2643 | Sewer    | Entered a sewer
  2744 | Sewer    | Reached skill level 10 in Maces & Flails
  2769 | Sewer    | Found a white marble altar of Elyvilon.
  2908 | D:6      | Found Eqaofy's Assorted Antiques.
  2911 | D:6      | Bought a silver wand for 96 gold pieces
  2911 | D:6      | Bought 2 glowing puce potions for 43 gold pieces
  2911 | D:6      | Bought a sharpened copper wand for 96 gold pieces
  2919 | D:6      | Bought a scroll of identify for 48 gold pieces
  2976 | D:6      | Found a basalt altar of Yredelemnul.
  3158 | D:7      | Reached ** piety under Makhleb
  3204 | D:8      | Got a scorched flail
  3220 | D:8      | Identified the +2 flail "Womiz" {speed, Stlth+} (You found it on level 8 of the Dungeon)
  3354 | D:7      | Reached skill level 1 in Shields
  3354 | D:7      | Reached XP level 8. HP: 73/74 MP: 11/11
  3380 | D:7      | Reached skill level 2 in Shields
  3509 | D:8      | Noticed Joseph
  3705 | D:9      | Reached skill level 3 in Shields
  3734 | D:9      | Noticed a yak
  3741 | D:9      | Noticed a yak
  3751 | D:9      | Noticed a yak
  3855 | D:8      | Noticed Grum
  3866 | D:8      | Reached skill level 4 in Shields
  3871 | D:8      | Killed Grum
  3871 | D:8      | Reached skill level 5 in Shields
  3890 | D:8      | Killed Joseph
  3890 | D:8      | Reached skill level 6 in Shields
  3890 | D:8      | Reached XP level 9. HP: 57/80 MP: 12/12
  3900 | D:8      | Reached skill level 3 in Fighting
  3925 | D:8      | Reached skill level 11 in Maces & Flails
  3950 | D:8      | Reached skill level 4 in Fighting
  4009 | D:8      | Learned a level 2 spell: Blink
  4116 | D:8      | Noticed Erica
  4133 | D:8      | Killed Erica
  4133 | D:8      | Reached skill level 5 in Fighting
  4133 | D:8      | Reached skill level 7 in Shields
  4133 | D:8      | Reached skill level 3 in Invocations
  4273 | D:8      | triple miscast at 12%
  4273 | D:8      | chance at somewhere around 0.2% probably
  4284 | D:8      | Found Raeqiaku's Armour Shoppe.
  4458 | D:9      | Reached skill level 4 in Invocations
  4490 | D:9      | Reached XP level 10. HP: 78/98 MP: 13/13
  4601 | D:9      | Reached skill level 6 in Fighting
  4656 | D:9      | Found a staircase to the Lair.
  4669 | D:9      | Reached skill level 5 in Invocations
  4742 | D:9      | Reached *** piety under Makhleb
  4763 | D:9      | Reached skill level 12 in Maces & Flails
  4820 | D:10     | Entered Level 10 of the Dungeon
  4939 | D:10     | Found a burning altar of Makhleb.
  5041 | D:10     | Reached skill level 6 in Invocations
  5086 | D:9      | Found Raer's Food Shoppe.
  5376 | D:10     | Reached skill level 7 in Fighting
  5390 | D:10     | Reached skill level 7 in Invocations
  5406 | D:10     | Reached skill level 8 in Shields
  5616 | D:11     | Noticed a cyclops
  5821 | D:11     | Noticed an unseen horror
  5835 | D:11     | Killed an unseen horror
  5835 | D:11     | Reached XP level 11. HP: 105/109 MP: 16/16
  5874 | D:11     | Found Igothreo's Magic Scroll Boutique.
  5882 | D:11     | Bought a scroll of fog for 22 gold pieces
  5882 | D:11     | Bought a scroll of noise for 11 gold pieces
  5883 | D:11     | Bought a scroll of magic mapping for 38 gold pieces
  5982 | D:11     | Found a staircase to the Orcish Mines.
  6167 | D:11     | Noticed a cyclops
  6282 | D:12     | Noticed a five-headed hydra
  6317 | D:13     | Reached skill level 13 in Maces & Flails
  6328 | D:13     | Noticed a griffon
  6342 | D:13     | Learned a level 4 spell: Passage of Golubria
  6396 | D:13     | Killed a griffon
  6396 | D:13     | Reached skill level 8 in Fighting
  6396 | D:13     | Reached skill level 2 in Dodging
  6460 | D:13     | Noticed Kirke
  6493 | D:13     | Killed Kirke
  6493 | D:13     | Reached skill level 3 in Dodging
  6510 | D:13     | Found a flagged portal.
  6591 | Bailey   | Entered a bailey
  6596 | Bailey   | Noticed an orc warlord
  6776 | Bailey   | Found a runed gate.
  6778 | Bailey   | Found a runed gate.
  6780 | Bailey   | Found a runed gate.
  6803 | Bailey   | Reached **** piety under Makhleb
  6870 | Bailey   | Killed an orc warlord
  6870 | Bailey   | Reached skill level 4 in Dodging
  6896 | Bailey   | Gained mutation: You are surrounded by a mild repulsion field. (EV +2) [potion of beneficial mutation]
  6897 | Bailey   | Gained mutation: You have sharp toenails. [potion of beneficial mutation]
  6902 | Bailey   | +5 ev ring, noice
  7062 | D:13     | Found a large runed door.
  7062 | D:13     | Found a large runed door.
  7064 | D:13     | Noticed a cyan ugly thing
  7066 | D:13     | Found a large runed door.
  7067 | D:13     | Found a large runed door.
  7067 | D:13     | Found a large runed door.
  7120 | D:13     | Noticed a cyclops
  7133 | D:13     | Killed a cyclops
  7198 | D:12     | Reached skill level 9 in Fighting
  7270 | D:13     | Noticed a hill giant
  7287 | D:13     | Killed a hill giant
  7323 | D:13     | Reached skill level 5 in Dodging
  7329 | D:13     | Reached skill level 9 in Shields
  7376 | D:13     | Found a large runed door.
  7385 | D:13     | Found a large runed door.
  7385 | D:13     | Found a large runed door.
  7430 | D:13     | Noticed a tengu warrior
  7452 | D:13     | Noticed a tengu warrior
  7457 | D:13     | Noticed a five-headed hydra
  7530 | D:12     | Noticed a deep elf mage
  7550 | D:12     | Reached XP level 12. HP: 92/124 MP: 17/17
  7558 | D:12     | Reached skill level 1 in Throwing
  7661 | D:11     | Reached skill level 14 in Maces & Flails
  7965 | D:11     | Reached skill level 2 in Throwing
  7965 | D:11     | Reached skill level 6 in Dodging
  8082 | Lair:1   | Entered Level 1 of the Lair of Beasts
  8116 | D:9      | Learned a level 1 spell: Apportation
  8225 | Lair:2   | Noticed a four-headed hydra
  8242 | Lair:2   | Killed a four-headed hydra
  8342 | Lair:1   | Noticed a six-headed hydra
  8361 | Lair:2   | Reached skill level 10 in Fighting
  8572 | Lair:3   | Reached skill level 3 in Throwing
  8788 | Lair:4   | Found a hole to the Spider Nest.
  8803 | Lair:4   | Reached skill level 4 in Throwing
  8864 | Lair:5   | Reached skill level 7 in Dodging
  8882 | Lair:5   | Found a shimmering altar of Xom.
  8943 | Lair:5   | Gained mutation: You have a somewhat thin skeletal structure. (Dex +2, Stealth) [potion of mutation]
  9088 | Lair:5   | Reached skill level 5 in Throwing
  9190 | Lair:5   | Found a labyrinth entrance.
  9211 | Lab      | Entered a labyrinth
  9305 | Lab      | Reached skill level 6 in Throwing
  9449 | Lab      | Noticed a minotaur
  9482 | Lab      | Killed a minotaur
  9487 | Lab      | Got a jewelled arbalest
  9516 | Lab      | Identified the Handbook of Supportive Confrontation
  9523 | Lab      | Identified a -1 rod of ignition (13/13) (You found it in a labyrinth)
  9588 | Lair:6   | Entered Level 6 of the Lair of Beasts
  9614 | Lair:6   | Noticed a death yak
  9625 | Lair:6   | Noticed a death yak
  9628 | Lair:6   | Noticed a death yak
  9631 | Lair:6   | Killed a death yak
  9631 | Lair:6   | Reached skill level 7 in Throwing
  9631 | Lair:6   | Reached skill level 8 in Dodging
  9631 | Lair:6   | Reached XP level 13. HP: 117/133 MP: 18/18
  9760 | Lair:6   | Reached skill level 8 in Throwing
  9778 | Lair:6   | Reached skill level 1 in Evocations
 10091 | Lair:6   | Reached skill level 2 in Evocations
 10098 | Lair:6   | Reached ***** piety under Makhleb
 10101 | Lair:6   | Reached skill level 1 in Translocations
 10261 | Lair:6   | Reached skill level 2 in Translocations
 10442 | Lair:6   | Reached skill level 11 in Fighting
 10501 | Lair:6   | Reached skill level 3 in Translocations
 10501 | Lair:6   | Reached skill level 3 in Evocations
 10743 | Lair:5   | Reached skill level 1 in Charms
 10906 | Lair:4   | Reached skill level 2 in Charms
 11026 | Lair:4   | Got a pitted steel ring
 11028 | Lair:4   | Identified the ring "Wirasm" {rC+ Str+4 Stlth-} (You found it on level 4 of the Lair of Beasts)
 11087 | Lair:3   | Reached skill level 4 in Evocations
 11143 | Lair:3   | Reached XP level 14. HP: 148/148 MP: 19/19
 11290 | Lair:2   | Reached skill level 3 in Charms
 11302 | Lair:2   | Reached skill level 3 in Necromancy
 11812 | Orc:1    | Entered Level 1 of the Orcish Mines
 11869 | Orc:1    | look at all those resistances
 11869 | Orc:1    | ha ha
 11869 | Orc:1    | absolute zero
 11874 | Orc:2    | Entered Level 2 of the Orcish Mines
 11889 | Orc:2    | Reached skill level 12 in Fighting
 11946 | Orc:2    | Noticed an orc warlord
 12023 | Orc:2    | Found Haheteo's Antique Weapon Boutique.
 12041 | Orc:2    | Noticed an orc warlord
 12064 | Orc:2    | Killed an orc warlord
 12064 | Orc:2    | Reached skill level 4 in Necromancy
 12073 | Orc:2    | Found Nezxasae's Jewellery Emporium.
 12272 | Orc:1    | Reached skill level 5 in Evocations
 12877 | Orc:1    | fucking hell
 13014 | Orc:2    | Found Sid Jis's Antique Armour Shop.
 13057 | Orc:2    | Reached skill level 4 in Charms
 13124 | Orc:2    | Bought a cloak for 162 gold pieces
 13235 | Orc:2    | Found Tyeph's General Store.
 13243 | Orc:2    | Bought a scroll of fear for 59 gold pieces
 13258 | Orc:2    | Reached skill level 3 in Spellcasting
 13434 | Orc:2    | Reached ****** piety under Makhleb
 13484 | Orc:2    | Found Caifoica's Antique Armour Boutique.
 13504 | Orc:2    | Gained mutation: Your spells are a little easier to cast, but a little less powerful. [a neqoxec]
 13526 | Orc:2    | Reached skill level 13 in Fighting
 13543 | Orc:2    | Found a staircase to the Elven Halls.
 13637 | Orc:2    | Bought a box of beasts for 340 gold pieces
 13688 | D:11     | Identified a scroll of acquirement
 13763 | D:12     | Reached skill level 4 in Spellcasting
 14120 | D:13     | Got a fine wooden ring
 14122 | D:13     | Identified the ring of the Blind Eye {+Inv rPois Stlth+} (You found it on level 13 of the Dungeon)
 14124 | D:13     | +inv
 14124 | D:13     | how nice
 14212 | D:14     | Reached skill level 6 in Evocations
 14252 | D:14     | Upgraded the game from 0.19-a0-1532-g228a5d9 to 0.19-a0-1670-gc28a5d9
 14289 | D:15     | Entered Level 15 of the Dungeon
 14435 | D:14     | Reached skill level 15 in Maces & Flails
 14501 | D:14     | Reached XP level 15. HP: 137/159 MP: 11/21
 14552 | D:14     | Found a gate to the Vaults.
 14575 | D:14     | Got an ancient flail
 14640 | D:14     | Reached skill level 7 in Evocations
 14654 | D:14     | Identified the +3 flail of Ravage {venom, MP+9} (You found it on level 14 of the Dungeon)
 15011 | D:15     | Found a runed door.
 15056 | D:15     | Noticed an orc warlord
 15257 | D:15     | Noticed an orc warlord
 15284 | D:15     | Killed an orc warlord
 15285 | D:15     | Noticed an orc warlord
 15327 | D:15     | HP: 13/159 [orc warlord/war axe of flaming (5)]
 15589 | Lair:3   | Found a staircase to the Swamp.
 15613 | Swamp:1  | Entered Level 1 of the Swamp
 15634 | Swamp:1  | Reached skill level 16 in Maces & Flails
 15720 | Swamp:2  | Reached skill level 9 in Throwing
 15890 | Swamp:3  | Noticed a thorn hunter
 15975 | Swamp:4  | Entered Level 4 of the Swamp
 15978 | Swamp:3  | Noticed a thorn hunter
 16064 | Swamp:4  | Noticed the 27-headed Lernaean hydra
 16199 | Swamp:3  | Killed a thorn hunter
 16245 | Swamp:3  | Reached skill level 10 in Throwing
 16468 | Swamp:3  | Killed a thorn hunter
 16468 | Swamp:3  | Reached skill level 5 in Necromancy
 16512 | Swamp:3  | Gained mutation: You have a pair of horns on your head. [potion of mutation]
 16584 | Swamp:3  | Reached skill level 5 in Charms
 16692 | Swamp:3  | Reached skill level 8 in Evocations
 16863 | Swamp:4  | Reached skill level 4 in Translocations
 16874 | Swamp:4  | Reached XP level 16. HP: 170/170 MP: 22/22
 16925 | Swamp:4  | Got a decaying rune of Zot
 16977 | Swamp:3  | Reached skill level 5 in Translocations
 17209 | Spider:1 | Entered Level 1 of the Spider Nest
 17350 | Spider:3 | Reached skill level 6 in Translocations
 17351 | Spider:3 | Gained mutation: You are partially covered in large bone plates. (SH +4) [potion of beneficial mutation]
 17424 | Spider:4 | Entered Level 4 of the Spider Nest
 17426 | Spider:4 | the vagina ending AGAIN
 17537 | Spider:4 | Reached skill level 7 in Translocations
 17799 | Spider:4 | Reached skill level 8 in Translocations
 18259 | Spider:4 | Got a gossamer rune of Zot
 18383 | Spider:1 | Reached skill level 1 in Armour
 18487 | Spider:1 | Got a wizard robe
 18815 | Spider:1 | Reached skill level 2 in Armour
 18940 | D:9      | time to die in elf then
 19138 | Orc:2    | Reached skill level 14 in Fighting
 19138 | Orc:2    | Reached XP level 17. HP: 109/180 MP: 23/23
 19177 | Orc:2    | Bought an uncursed ring of fire for 400 gold pieces
 19195 | Elf:1    | Entered Level 1 of the Elven Halls
 19213 | Elf:1    | Found Xuochi's Antique Weapon Emporium.
 19324 | Elf:1    | Found Soepafae's Weapon Boutique.
 19422 | Elf:1    | Noticed an Ice Fiend
 19424 | Elf:1    | Reached skill level 3 in Armour
 19596 | Elf:1    | i hope that magic mapping will be worth it
 19615 | Elf:1    | Found a magical portal.
 19619 | WizLab   | Entered The Chambers of the Cloud Mage
 19620 | WizLab   | it's not
 19635 | WizLab   | i wonder if i'll die to air mages
 19685 | WizLab   | Reached skill level 15 in Fighting
 19696 | WizLab   | Reached skill level 17 in Maces & Flails
 19970 | WizLab   | Noticed Inehou
 19993 | WizLab   | Killed Inehou the Cloud Mage
 20022 | WizLab   | Identified the Papyrus of Lightness
 20026 | WizLab   | Learned a level 2 spell: Repel Missiles
 20029 | WizLab   | Learned a level 2 spell: Swiftness
 20038 | WizLab   | Identified Vemmen's Almanac of Air
 20059 | WizLab   | Got a steaming quick blade
 20060 | WizLab   | Identified the +5 quick blade "Sarcophage" {drain, Int+2} (You found it in a wizard's laboratory)
 20219 | Elf:1    | Found Xelaest's Assorted Antiques.
 20224 | Elf:1    | Reached skill level 1 in Air Magic
 20246 | Elf:1    | Bought a dented garnet amulet for 185 gold pieces
 20352 | Elf:1    | Reached skill level 2 in Air Magic
 20506 | Elf:3    | Entered Level 3 of the Elven Halls
 20520 | Elf:2    | Reached skill level 3 in Air Magic
 20732 | Elf:3    | Reached skill level 4 in Air Magic
 20775 | Elf:3    | Noticed a deep elf blademaster
 20781 | Elf:3    | Killed a deep elf blademaster
 20803 | Elf:3    | Noticed a deep elf blademaster
 20804 | Elf:3    | "oops"
 20847 | Elf:3    | Killed a deep elf blademaster
 20847 | Elf:3    | Reached skill level 5 in Air Magic
 20937 | Elf:3    | Noticed a Tzitzimitl
 21168 | Elf:2    | Reached XP level 18. HP: 196/196 MP: 24/24
 21227 | Elf:2    | Reached skill level 16 in Fighting
 21261 | Elf:2    | Noticed Azrael
 21271 | Elf:2    | Killed Azrael
 21387 | Elf:3    | Found Asiydd's Distillery.
 21397 | Elf:3    | Bought a potion of agility for 60 gold pieces
 21397 | Elf:3    | Bought a potion of degeneration for 15 gold pieces
 21397 | Elf:3    | Bought a potion of resistance for 150 gold pieces
 21397 | Elf:3    | Bought a potion of lignification for 45 gold pieces
 21397 | Elf:3    | Bought a potion of agility for 60 gold pieces
 21463 | Elf:3    | Noticed a Brimstone Fiend
 21552 | Elf:3    | Noticed a Hell Sentinel
 21654 | Elf:3    | Noticed a deep elf blademaster
 21666 | Elf:3    | Killed a deep elf blademaster
 21666 | Elf:3    | Reached skill level 11 in Throwing
 21673 | Elf:3    | Reached skill level 17 in Fighting
 21719 | Elf:3    | Noticed Bai Suzhen
 21729 | Elf:3    | really
 21729 | Elf:3    | in fucking elf 3
 21729 | Elf:3    | in the vault
 21731 | Elf:3    | of course
 21767 | Elf:3    | Killed Bai Suzhen
 21840 | Elf:3    | Reached skill level 18 in Maces & Flails
 21883 | Elf:3    | Noticed a Tzitzimitl
 21976 | Elf:3    | Noticed a deep elf blademaster
 21987 | Elf:3    | Noticed a deep elf master archer
 21989 | Elf:3    | Killed a deep elf blademaster
 21990 | Elf:3    | Noticed a deep elf master archer
 22067 | Elf:3    | Noticed a deep elf master archer
 22092 | Elf:3    | Killed a deep elf master archer
 22161 | Elf:3    | Reached skill level 18 in Fighting
 22246 | Elf:3    | Killed a deep elf master archer
 22324 | Elf:3    | Learned a level 8 spell: Death's Door
 22326 | Elf:3    | Identified the Grimoire of the Blaze and Transmutation
 22389 | Elf:3    | Killed a deep elf master archer
 22394 | Elf:3    | Identified the ring of Woha Jai {MR+ Str-2 Dex+4 SInv} (You took it off a deep elf high priest on level 3 of the Elven Halls)
 22422 | Elf:3    | Got a steaming broad axe
 22423 | Elf:3    | Identified the cursed +3 broad axe of the Little People {distort, +Blink +Inv Stlth+} (You found it on level 3 of the Elven Halls)
 22424 | Elf:3    | crap
 22439 | Elf:3    | oh, i picked up four winds amu and didn't even notice
 22443 | Elf:3    | time for the elven rune then
 22445 | Elf:3    | meh
 22485 | Elf:3    | Got an iridescent flail {antimagic}
 22486 | Elf:3    | Identified the +7 flail of Circular Logic {antimagic, +Inv Dex+2} (You took it off a deep elf high priest on level 3 of the Elven Halls)
 22492 | Elf:3    | Learned a level 1 spell: Summon Butterflies
 22786 | Vaults:1 | Entered Level 1 of the Vaults
 22827 | Vaults:1 | Reached XP level 19. HP: 211/211 MP: 25/25
 23054 | Vaults:2 | Reached skill level 12 in Throwing
 23175 | Vaults:2 | Reached skill level 19 in Fighting
 23399 | Vaults:3 | Reached skill level 19 in Maces & Flails
 23499 | Vaults:4 | Reached skill level 9 in Dodging
 23580 | Vaults:4 | Noticed a lich
 23582 | Vaults:4 | Noticed an Ice Fiend
 23709 | Vaults:3 | Noticed a Brimstone Fiend
 23785 | Vaults:4 | Reached skill level 10 in Dodging
 23815 | Vaults:4 | Killed a lich
 23917 | Vaults:4 | Reached skill level 8 in Invocations
 24109 | Vaults:4 | Reached skill level 9 in Invocations
 24199 | Vaults:4 | Found Urowk's Weapon Shop.
 24230 | Vaults:4 | Reached skill level 10 in Invocations
 24260 | Vaults:5 | Entered Level 5 of the Vaults
 24279 | Vaults:4 | Reached XP level 20. HP: 204/226 MP: 25/27
 24788 | Vaults:5 | Noticed an ancient lich
 24830 | Vaults:5 | Killed an ancient lich
 24830 | Vaults:5 | Reached skill level 6 in Charms
 24830 | Vaults:5 | Reached skill level 6 in Necromancy
 24920 | Vaults:5 | Reached skill level 1 in Summonings
 24948 | Vaults:5 | Reached skill level 2 in Summonings
 24989 | Vaults:5 | Got a silver rune of Zot
 25035 | Vaults:5 | Got a bloodstained cloak
 25041 | Vaults:5 | Identified the +0 cloak "Ulopn" {rF+ Dex+2 Slay+2} (You found it on level 5 of the Vaults)
 25041 | Vaults:5 | oooh, rF+!
 25041 | Vaults:5 | i so got this now
 25041 | Vaults:5 | ha ha
 25060 | Vaults:5 | Reached skill level 3 in Summonings
 25140 | Vaults:5 | Noticed a golden dragon
 25148 | Vaults:5 | Killed a golden dragon
 25148 | Vaults:5 | Reached skill level 4 in Summonings
 25215 | Vaults:5 | Reached skill level 5 in Summonings
 25377 | Vaults:5 | Reached skill level 11 in Dodging
 25514 | Vaults:5 | Reached skill level 13 in Throwing
 25526 | Vaults:5 | Reached XP level 21. HP: 187/234 MP: 27/29
 25657 | Vaults:5 | Noticed a golden dragon
 25741 | Vaults:5 | Identified Tucs's Disquisition on Mutagenic Creation
 25742 | Vaults:5 | Identified the Compendium of the Frostbite and Toxins
 25752 | Vaults:5 | Learned a level 2 spell: Passwall
 25777 | Vaults:5 | Reached skill level 5 in Spellcasting
 25791 | Vaults:5 | Killed a golden dragon
 25798 | Vaults:5 | Reached skill level 6 in Spellcasting
 25962 | Vaults:5 | Reached skill level 7 in Spellcasting
 25983 | Vaults:5 | Identified the amulet of Trepidation {RegenMP rF+ Str-3 Dex+3} (You found it on level 5 of the Vaults)
 25994 | Vaults:5 | Identified the Disquisition on the Evil Entourage
 27142 | Vaults:1 | Reached skill level 20 in Fighting
 27142 | Vaults:1 | Reached skill level 20 in Maces & Flails
 27287 | Vaults:1 | Reached skill level 4 in Armour
 27457 | Vaults:2 | Reached skill level 5 in Armour
 27539 | Vaults:2 | Reached XP level 22. HP: 247/247 MP: 33/33
 27583 | Vaults:2 | Found a staircase to the Crypt.
 27596 | Crypt:1  | Entered Level 1 of the Crypt
 27741 | Crypt:2  | Reached skill level 6 in Armour
 27750 | Crypt:1  | Noticed Boris
 27776 | Crypt:1  | Killed Boris
 27776 | Crypt:1  | Reached skill level 12 in Dodging
 27872 | Crypt:2  | Reached skill level 7 in Armour
 27900 | Crypt:3  | Entered Level 3 of the Crypt
 28017 | Crypt:3  | Found a basalt altar of Yredelemnul.
 28195 | Crypt:3  | Reached skill level 14 in Throwing
 28195 | Crypt:3  | Reached skill level 9 in Evocations
 28220 | Crypt:3  | Identified the amulet of the Centipede {Spirit +Blink Str-5 Int+3 Dex+6} (You found it on level 3 of the Crypt)
 28597 | Crypt:3  | Noticed a greater mummy
 28627 | Crypt:3  | Killed a greater mummy
 28648 | Crypt:3  | Found a staircase to the Tomb.
 28699 | Crypt:3  | Noticed a profane servitor
 28716 | Crypt:3  | Killed a profane servitor
 28716 | Crypt:3  | Reached skill level 10 in Evocations
 28834 | Crypt:3  | Reached skill level 7 in Necromancy
 28873 | Crypt:3  | Reached skill level 8 in Spellcasting
 28896 | Crypt:3  | Identified the Reference Book on Black Rites
 28925 | Tomb:1   | Entered Level 1 of the Tomb of the Ancients
 28926 | Tomb:1   | WHAT
 28926 | Tomb:1   | CAN
 28926 | Tomb:1   | GO
 28926 | Tomb:1   | WRONG
 29126 | Tomb:1   | Reached skill level 8 in Necromancy
 29126 | Tomb:1   | Reached XP level 23. HP: 159/253 MP: 35/35
 29183 | Tomb:1   | Learned a level 6 spell: Statue Form
 29206 | Tomb:1   | Noticed a greater mummy
 29234 | Tomb:1   | Killed a greater mummy
 29234 | Tomb:1   | Reached skill level 1 in Transmutations
 29234 | Tomb:1   | Reached skill level 1 in Earth Magic
 29338 | Tomb:1   | Reached skill level 2 in Earth Magic
 29343 | Tomb:1   | Reached skill level 2 in Transmutations
 29433 | Tomb:1   | Noticed a greater mummy
 29459 | Tomb:1   | Killed a greater mummy
 29459 | Tomb:1   | Reached skill level 3 in Transmutations
 29459 | Tomb:1   | Reached skill level 3 in Earth Magic
 29508 | Tomb:1   | Noticed a greater mummy
 29521 | Tomb:1   | Killed a greater mummy
 29536 | Tomb:1   | Reached skill level 4 in Earth Magic
 29630 | Tomb:2   | Noticed a greater mummy
 29630 | Tomb:2   | Noticed a greater mummy
 29634 | Tomb:2   | FIRST TRY!
 29634 | Tomb:2   | awesome!
 29634 | Tomb:2   | ah no, actually that was a second one
 29634 | Tomb:2   | still great
 29669 | Tomb:2   | Reached skill level 4 in Transmutations
 29703 | Tomb:3   | Entered Level 3 of the Tomb of the Ancients
 30101 | Tomb:3   | Noticed an ancient lich
 30102 | Tomb:2   | Reached skill level 5 in Transmutations
 30102 | Tomb:2   | Reached skill level 5 in Earth Magic
 30136 | Tomb:3   | Noticed a greater mummy
 30147 | Tomb:3   | Noticed a greater mummy
 30176 | Tomb:2   | HP: 23/248 [death scarab (14)]
 30184 | Tomb:2   | HP: 23/254 [small abomination[the power of Zot] (4)]
 30394 | Tomb:2   | Killed an ancient lich
 30419 | Tomb:2   | Killed a greater mummy
 30437 | Tomb:2   | HP: 36/381 [emperor scorpion[a greater mummy] (3)]
 30438 | Tomb:2   | HP: 10/381 [soul eater[a greater mummy's death curse] (10)]
 30441 | Tomb:2   | Killed a greater mummy
 30441 | Tomb:2   | Reached skill level 6 in Transmutations
 30441 | Tomb:2   | Reached skill level 6 in Earth Magic
 31052 | Tomb:2   | wut
 31137 | Tomb:3   | Noticed a greater mummy
 31149 | Tomb:2   | Killed a greater mummy
 31198 | Tomb:3   | Reached XP level 24. HP: 253/265 MP: 35/35
 31202 | Tomb:3   | Reached skill level 7 in Transmutations
 31205 | Tomb:3   | Reached skill level 7 in Earth Magic
 31328 | Tomb:3   | Noticed a greater mummy
 31423 | Tomb:3   | Killed a greater mummy
 31517 | Tomb:3   | Identified the Grimoire of Earthen Shape Shifting
 31524 | Tomb:3   | Identified the Almanac of Icy Combat Magic
 31532 | Tomb:3   | Identified the ring "Taxiov" {*Tele Stlth+} (You found it on level 3 of the Tomb of the Ancients)
 31533 | Tomb:3   | Identified the amulet "Masy" {Dismiss +Blink Str-5 SInv} (You found it on level 3 of the Tomb of the Ancients)
 31534 | Tomb:3   | Identified the ring "Geothih" {rPois rC- MR++ EV+1} (You found it on level 3 of the Tomb of the Ancients)
 31535 | Tomb:3   | Got a heavily runed brass ring
 31535 | Tomb:3   | Got a sparkling iron ring
 31537 | Tomb:3   | Identified the ring "Myaxtaed" {*Tele Str+2} (You found it on level 3 of the Tomb of the Ancients)
 31541 | Tomb:3   | Identified the ring "Balluirch" {Int+4 Stlth-} (You found it on level 3 of the Tomb of the Ancients)
 31542 | Tomb:3   | so many randarts, so many jokes
 31544 | Tomb:3   | impressively useless
 31594 | Tomb:3   | Noticed a greater mummy
 31615 | Tomb:3   | Killed a greater mummy
 31615 | Tomb:3   | Reached skill level 15 in Throwing
 31617 | Tomb:3   | Noticed a greater mummy
 31651 | Tomb:3   | Killed a greater mummy
 31894 | Tomb:3   | Got a golden rune of Zot
 31921 | Tomb:3   | Noticed a greater mummy
 31930 | Tomb:3   | Killed a greater mummy
 31995 | Tomb:2   | now i just don't have to be very unlucky
 31998 | Tomb:1   | good
 32551 | Lair:1   | hm
 32553 | D:9      | a waste of turns but fuck it
 32671 | D:13     | why did i think it's a randart ring
 32671 | D:13     | i'm a fucking retard
 32671 | D:13     | that's 200 turns gone
 32671 | D:13     | or more
 32905 | Lair:6   | Reached skill level 16 in Throwing
 32906 | Lair:6   | Found a staircase to the Slime Pits.
 32918 | Slime:1  | Entered Level 1 of the Pits of Slime
 33133 | Slime:4  | Gained mutation: You expend magic power (3 MP) to strengthen your wands. [a shining eye]
 33134 | Slime:4  | Gained mutation: You are frail. (-10% HP) [a shining eye]
 33141 | Slime:4  | can't i get str-2 instead
 33150 | Slime:5  | Entered Level 5 of the Pits of Slime
 33185 | Slime:5  | Found a viscous altar of Jiyva.
 33188 | Slime:5  | oh come on
 33195 | Slime:5  | Noticed the Royal Jelly
 33208 | Slime:5  | Killed the Royal Jelly
 33208 | Slime:5  | Reached skill level 17 in Throwing
 33210 | Slime:5  | oh
 33210 | Slime:5  | wait
 33210 | Slime:5  | this isn't better
 33210 | Slime:5  | holy shit
 33294 | Slime:5  | Got a slimy rune of Zot
 33295 | Slime:5  | Identified the ring "Xodeesiami" {*Corrode *Slow Str+6 Int+10 SInv} (You found it on level 5 of the Pits of Slime)
 33296 | Slime:5  | too bad about the shitty * parts
 33298 | Slime:5  | Identified a +3 rod of clouds (14/14) (You found it on level 5 of the Pits of Slime)
 33344 | Slime:5  | Learned a level 8 spell: Controlled Blink
 33355 | Slime:5  | Got a brightly glowing flail
 33356 | Slime:5  | Identified the +8 flail "Ykkem" {crush, rN+ Str+6 Int-5} (You found it on level 5 of the Pits of Slime)
 33693 | D:15     | Reached skill level 9 in Translocations
 33694 | D:15     | not so tough now eh
 33753 | D:15     | Found a roughly hewn altar of Beogh.
 34074 | D:15     | Found Sapuf's Armour Shop.
 34182 | D:15     | Found a staircase to the Depths.
 34198 | Depths:1 | Entered Level 1 of the Depths
 34323 | Depths:1 | Reached XP level 25. HP: 245/245 MP: 35/35
 34409 | Depths:1 | Reached skill level 10 in Translocations
 34531 | Depths:2 | Found a corrupted altar of Lugonu.
 34531 | Depths:2 | Found a one-way gate to the infinite horrors of the Abyss.
 34678 | Depths:1 | Gained mutation: You are agile. (Dex +2) [potion of beneficial mutation]
 34767 | Depths:2 | Reached skill level 11 in Translocations
 34801 | Depths:3 | hmmmmmmmmmmmmmmm
 34804 | Depths:3 | wow
 34804 | Depths:3 | really
 34895 | Depths:2 | Found a gateway to a ziggurat.
 34913 | Depths:3 | Identified the Guide on Evil Feathers
 34937 | Depths:4 | oh god
 34948 | Depths:4 | Reached skill level 9 in Spellcasting
 35201 | Depths:5 | Entered Level 5 of the Depths
 35201 | Depths:5 | Found Norups's Jewellery Emporium.
 35229 | Depths:5 | Reached skill level 10 in Spellcasting
 35237 | Depths:5 | Bought an uncursed ring of resist corrosion for 320 gold pieces
 35399 | Depths:3 | Found a gateway to Hell.
 35715 | Depths:2 | Reached skill level 11 in Spellcasting
 36112 | Depths:3 | Reached skill level 12 in Spellcasting
 36352 | Depths:3 | Identified the Volume of Shifting Evil
 36370 | Depths:3 | Found a one-way gate leading to the halls of Pandemonium.
 36374 | Depths:3 | couldn't be any more hidden eh
 36375 | Pan      | Entered Pandemonium
 36419 | Pan      | Reached skill level 12 in Translocations
 36465 | Pan      | Found an exit through the horrors of the Abyss.
 36869 | Pan      | Noticed Pimim the pandemonium lord
 36880 | Pan      | oh god
 36880 | Pan      | wow pleasingfungus
 36880 | Pan      | your hp display sure works!
 36880 | Pan      | way too use characters from a standard that's older than you
 36883 | Pan      | hmmmmmmmm
 36886 | Pan      | oh
 37006 | Pan      | Found an exit through the horrors of the Abyss.
 37095 | Pan      | Found an exit through the horrors of the Abyss.
 37202 | Pan      | Noticed Paloeb the pandemonium lord
 37212 | Pan      | Lost mutation: Your body sometimes deteriorates upon taking damage. [potion of cure mutation]
 37212 | Pan      | Lost mutation: You have a pair of horns on your head. [potion of cure mutation]
 37212 | Pan      | Lost mutation: Your muscles are strong. (Str +2) [potion of cure mutation]
 37212 | Pan      | Lost mutation: You are agile. (Dex +2) [potion of cure mutation]
 37212 | Pan      | Lost mutation: You expend magic power (3 MP) to strengthen your wands. [potion of cure mutation]
 37213 | Pan      | not this one :////
 37219 | Pan      | Killed Paloeb the pandemonium lord
 37219 | Pan      | Reached XP level 26. HP: 199/254 MP: 35/39
 37328 | Pan      | Reached skill level 13 in Translocations
 37383 | Pan      | Got a demonic rune of Zot
 37518 | Pan      | this might be hopeless
 37531 | Pan      | it's barely at 99% with no armor
 37536 | Pan      | yeah, i'll ignore it
 37615 | Pan      | Found an exit through the horrors of the Abyss.
 37663 | Pan      | Found an exit through the horrors of the Abyss.
 37768 | Pan      | i think statue is more realistic than cblink
 37768 | Pan      | 99%
 37768 | Pan      | :/
 38110 | Pan      | HP: 18/254 [sun demon[a balrug] (20)]
 38160 | Pan      | Entered the realm of Lom Lobon.
 38228 | Pan      | Found an exit through the horrors of the Abyss.
 38488 | Pan      | Reached skill level 8 in Transmutations
 38496 | Pan      | Noticed Lom Lobon
 38569 | Pan      | Reached skill level 8 in Earth Magic
 38637 | Pan      | Got a magical rune of Zot
 39056 | Pan      | Reached skill level 9 in Earth Magic
 39058 | Pan      | Reached skill level 9 in Transmutations
 39164 | Pan      | Noticed Lom Lobon
 39165 | Pan      | oh come on
 39477 | Pan      | Noticed Lom Lobon
 39493 | Pan      | jesus man calm the fuck down
 39494 | Pan      | since when tornado goes through walls
 39685 | Pan      | Reached XP level 27. HP: 261/261 MP: 38/39
 39881 | Pan      | Reached skill level 10 in Transmutations
 39921 | Pan      | Noticed Tienamolof the pandemonium lord
 39935 | Pan      | Killed Tienamolof the pandemonium lord
 39935 | Pan      | Reached skill level 10 in Earth Magic
 39962 | Pan      | Identified the +0 robe of the Equinox {Int+2} (You found it in Pandemonium)
 40301 | Pan      | Entered the realm of Cerebov.
 40419 | Pan      | Learned a level 8 spell: Borgnjor's Revivification
 40434 | Pan      | Got a scorched morningstar
 40435 | Pan      | Identified the +3 morningstar "Jytzeiwuth" {freeze, *Contam Dex+7} (You found it in Pandemonium)
 40449 | Pan      | Gained mutation: Scrolls take you a little longer to read. [mutagenic glow]
 40475 | Pan      | Identified the Catalogue of the Creative Rocks
 40478 | Pan      | Identified the ring "Teneikk" {MR+ Dex+7} (You found it in Pandemonium)
 40510 | Pan      | Identified the amulet "Utos" {Faith MR+ Slay+3} (You found it in Pandemonium)
 40562 | Pan      | Noticed Cerebov
 40660 | Pan      | Got a fiery rune of Zot
 40763 | Pan      | oh right
 40910 | Pan      | Noticed Muh Wuull the pandemonium lord
 40961 | Pan      | Killed Muh Wuull the pandemonium lord
 41005 | Pan      | Gained mutation: Your body sometimes deteriorates upon taking damage. [a neqoxec]
 41048 | Pan      | Reached skill level 10 in Shields
 41250 | Pan      | Reached skill level 11 in Shields
 41321 | Pan      | Found an exit through the horrors of the Abyss.
 41467 | Pan      | Found an exit through the horrors of the Abyss.
 41710 | Pan      | Reached skill level 12 in Shields
 41788 | Pan      | Entered the realm of Gloorx Vloq.
 41788 | Pan      | Noticed Cerebov
 41789 | Pan      | please
 41808 | Pan      | Noticed Ignacio
 41821 | Pan      | Killed Ignacio
 41929 | Pan      | Reached skill level 13 in Shields
 41987 | Pan      | Noticed Gloorx Vloq
 42005 | Pan      | Killed Gloorx Vloq
 42016 | Pan      | Got a dark rune of Zot
 42140 | Pan      | Found an exit through the horrors of the Abyss.
 42155 | Pan      | Entered the realm of Mnoleg.
 42168 | Pan      | Gained mutation: You are occasionally teleported next to monsters. [a neqoxec]
 42170 | Pan      | this one will kill me
 42181 | Pan      | Reached skill level 14 in Shields
 42236 | Pan      | case in point
 42447 | Pan      | Noticed Mnoleg
 42449 | Pan      | Gained mutation: You are dopey. (Int -2) [a cacodemon]
 42451 | Pan      | Got a glowing rune of Zot
 42453 | Pan      | Gained mutation: Scrolls take you longer to read. [a cacodemon]
 42522 | Pan      | Gained mutation: Your body often deteriorates upon taking damage. [a neqoxec]
 42527 | Pan      | Gained mutation: Your magical capacity is low. (-10% MP) [a cacodemon]
 42588 | Pan      | Gained mutation: You are very dopey. (Int -4) [a cacodemon]
 42608 | Pan      | Found an exit through the horrors of the Abyss.
 42615 | Pan      | Took an exit into the Abyss.
 42615 | Abyss:1  | Escaped into the Abyss
 42616 | Abyss:1  | brainless soon
 42656 | Abyss:2  | Found a corrupted altar of Lugonu.
 42782 | Abyss:3  | great
 42834 | Abyss:3  | Found a corrupted altar of Lugonu.
 42917 | Abyss:3  | Reached skill level 15 in Shields
 43380 | Abyss:3  | Found a corrupted altar of Lugonu.
 43382 | Abyss:3  | Got an abyssal rune of Zot
 43504 | Depths:3 | Escaped the Abyss
 43506 | Depths:3 | Lost mutation: You are occasionally teleported next to monsters. [potion of cure mutation]
 43506 | Depths:3 | Lost mutation: Your magical capacity is low. (-10% MP) [potion of cure mutation]
 43506 | Depths:3 | Lost mutation: You have sharp toenails. [potion of cure mutation]
 43583 | Zig:1    | Entered Level 1 of a ziggurat
 43609 | Zig:2    | Entered Level 2 of a ziggurat
 43621 | Zig:2    | Reached skill level 11 in Earth Magic
 43634 | Zig:3    | Entered Level 3 of a ziggurat
 43649 | Zig:3    | Reached skill level 11 in Transmutations
 43715 | Zig:4    | Entered Level 4 of a ziggurat
 43747 | Zig:4    | Got a steaming golden ring
 43750 | Zig:4    | Identified the ring "Uliycety" {EV+3 Dex+4} (You found it on level 4 of a ziggurat)
 43760 | Zig:5    | Entered Level 5 of a ziggurat
 43805 | Zig:6    | Entered Level 6 of a ziggurat
 43841 | Zig:6    | Paralysed by accursed screaming for 2 turns
 43854 | Zig:6    | Paralysed by accursed screaming for 1 turns
 43888 | Zig:6    | Got a clouded marble ring
 43890 | Zig:6    | Identified the ring of Ami Ridd {Ice rN+ Str+3} (You found it on level 6 of a ziggurat)
 43911 | Zig:7    | Entered Level 7 of a ziggurat
 43993 | Zig:8    | Entered Level 8 of a ziggurat
 44006 | Zig:8    | Noticed an ancient lich
 44026 | Zig:8    | Killed an ancient lich
 44031 | Zig:8    | Reached skill level 11 in Evocations
 44085 | Zig:8    | Got a ring of the Octopus King
 44087 | Zig:8    | Identified a ring of the Octopus King {AC+1 EV+1 Str+1 Int+1 Dex+1 SInv} (You found it on level 8 of a ziggurat)
 44109 | Zig:8    | Learned a level 2 spell: Song of Slaying
 44109 | Zig:8    | well shit
 44113 | Depths:2 | this is not going to be fun
 44149 | Hell     | Entered the Vestibule of Hell
 44162 | Hell     | Noticed Geryon
 44188 | Hell     | Killed Geryon
 44188 | Hell     | Reached skill level 12 in Evocations
 44242 | Hell     | Found a gateway to the decaying netherworld of Tartarus.
 44272 | Hell     | Reached skill level 13 in Evocations
 44284 | Tar:1    | Entered Level 1 of Tartarus
 44289 | Tar:1    | Upgraded the game from 0.19-a0-1670-gc28a5d9 to 0.19-a0-1672-g679cadd
 44320 | Tar:1    | You fall through a shaft!
 44460 | Tar:3    | Reached skill level 14 in Evocations
 44864 | Tar:3    | Reached skill level 15 in Evocations
 45167 | Tar:7    | Entered Level 7 of Tartarus
 45355 | Tar:7    | Reached skill level 12 in Transmutations
 45366 | Tar:7    | Reached skill level 12 in Earth Magic
 45464 | Tar:7    | Noticed Ereshkigal
 45498 | Tar:7    | Killed Ereshkigal
 45522 | Tar:7    | Noticed the Serpent of Hell
 45536 | Tar:7    | Killed the Serpent of Hell
 45546 | Tar:7    | Gained mutation: You are very frail. (-20% HP) [mutagenic glow]
 45564 | Tar:7    | Gained mutation: You are weak. (Str -2) [mutagenic glow]
 45615 | Tar:7    | Reached skill level 13 in Transmutations
 45615 | Tar:7    | Reached skill level 13 in Earth Magic
 45690 | Tar:7    | Got a bone rune of Zot
 45808 | Hell     | Found a gateway to the ashen valley of Gehenna.
 45879 | Geh:1    | Entered Level 1 of Gehenna
 45894 | Geh:1    | Reached skill level 14 in Translocations
 46479 | Geh:7    | Entered Level 7 of Gehenna
 46512 | Geh:7    | boy do i wish i had some magic mapping
 46936 | Geh:7    | 21 potions of flight?
 46936 | Geh:7    | wow
 46942 | Geh:7    | Reached skill level 13 in Dodging
 47065 | Geh:7    | Noticed Asmodeus
 47094 | Geh:7    | Killed Asmodeus
 47147 | Geh:7    | Identified the amulet of Newid {rC+ Regen+ Stlth+} (You found it on level 7 of Gehenna)
 47149 | Geh:7    | Got an obsidian rune of Zot
 47192 | Geh:7    | Reached skill level 18 in Throwing
 47453 | Hell     | Reached skill level 19 in Throwing
 47468 | Hell     | Found a gateway to the Iron City of Dis.
 47480 | Hell     | dis will hurt
 47480 | Hell     | har har
 47482 | Dis:1    | Entered Level 1 of the Iron City of Dis
 47842 | Dis:5    | Reached skill level 20 in Throwing
 48186 | Dis:5    | Reached skill level 21 in Throwing
 48321 | Dis:5    | i hate this vault
 48563 | Dis:7    | Entered Level 7 of the Iron City of Dis
 48672 | Dis:7    | Reached skill level 22 in Throwing
 48954 | Dis:7    | ehhhh
 48956 | Dis:7    | ?
 48972 | Dis:7    | HP: 17/236 [war gargoyle/spray of metal splinters (44)]
 48981 | Dis:7    | HP: 18/306 [iron giant/giant club[the effects of Hell] (27)]
 49035 | Dis:7    | HP: 26/306 [iron giant/iron shot (41)]
 49036 | Dis:7    | Slain by an iron giant

Vault maps used:
D:1:      minmay_arrival_radiant_lines, serial_forest, infiniplex_forest_3_way,
          infiniplex_forest_clump_large, infiniplex_forest_lined_corner,
          infiniplex_forest_lined_4_way, infiniplex_forest_lined_2,
          infiniplex_forest_lined_room_, infiniplex_forest_end_2,
          infiniplex_forest_clump_small, hangedman_decor_slide_cut
D:2:      lemuel_round_altar
D:3:      makhleb_heckhound_becter, first_bread, ecumenical_altar_1,
          minmay_misc_feat_secret_circle
D:5:      lemuel_coloured_pillars_altar, serial_shops, shop, nicolae_shop_trees
D:6:      lemuel_crystal_altar, gup_sewer_entry_pipe, serial_shops,
          kennysheep_mini_moat, okawaru_ov_weapons_minmay
D:8:      serial_shops, shop, uniq_grum, uniq_erica, uniq_joseph
D:9:      minitemple, erik_lair_orcish_takeover, serial_shops, shop
D:10:     basic_altar
D:11:     orc_0_dummy, serial_shops, shop
D:13:     minmay_five_octagons, enter_bailey_2, uniq_kirke
D:14:     erik_vaults_2, roderic_lattice_a
D:15:     grunt_enter_depths_magical_seal, minmay_misc_feat_encased,
          serial_shops, shop, lightli_church_of_beogh
Lair:1:   grunt_forest_large_clearings, lemuel_fruit_tree
Lair:2:   infiniplex_staircase_pool, serial_bayou_shore_b, grunt_megastairs_4,
          serial_bayou_shore_b
Lair:3:   nicolae_swamp_entry_splash_gauntlet, st_stairs_12,
          serial_bayou_shore_b
Lair:4:   nicolae_spider_entry_non_spiders, serial_bayou, serial_bayou_lagoon_a,
          serial_bayou_crossing, serial_bayou_pond_b, serial_bayou_pond_d,
          nicolae_quartered_pool_little, beast_lair_carwin_6
Lair:5:   mu_elephants_graveyard, lab_entry_generic, basic_altar,
          beast_lair_carwin_8
Lair:6:   minmay_lair_end_enchanted_forest, minmay_slime_entry_eyes,
          serial_bayou_pond_e, minivault_11, roderic_batcave
Swamp:1:  hangedman_swamp_ruin_hall
Swamp:2:  nicolae_swamp_feature_on_the_river_bank, uniq_jorgrun
Swamp:3:  evilmike_swamp_ruin_house_4, swamp_pool4
Swamp:4:  swamp, swamp_pool4
Spider:1: uniq_donald
Spider:3: nicolae_spider_cling_ruins, uniq_aizul
Spider:4: grunt_spider_rune_circles, spider_trap
Slime:1:  nicolae_slime_phagocytosis
Slime:4:  basic_altar, nicolae_slime_round_cave
Orc:2:    grunt_orc_gardens, grunt_orc_garden, grunt_orc_garden,
          grunt_orc_garden, grunt_orc_garden, serial_shops, shop, mines4_lemuel
Elf:1:    mu_enter_wizlab_7, serial_shops, shop, shop, shop,
          hangedman_corner_corridor, minmay_strange_pillars
Elf:2:    uniq_azrael
Elf:3:    nooodl_elf_gasket, serial_shops, nicolae_shop_trees, shop,
          uniq_bai_suzhen
Vaults:1: nicolae_vaults_display_case, grunt_vaults_twisty,
          vaults_standard_mumra_enter_the_diamond, v_misc_15,
          nicolae_vaults_what_the_h, vaults_room_door_ring, v_misc_19,
          nicolae_vaults_big_ls, grunt_vaults_swirl, vaults_dpeg_doors,
          nicolae_vaults_inception_statues, grunt_vaults_hallway_short,
          hangedman_vaults_capsules, grunt_vaults_diagonal,
          vaults_room_stairs_pillars, nicolae_vaults_asterisk,
          vaults_dpeg_encased_lava, vaults_dpeg_ring
Vaults:2: nicolae_vaults_angled_halls, nicolae_vaults_triangles, v_rooms_1,
          v_misc_12, vaults_dpeg_cross, minmay_crypt_entry_skeletal_spiral,
          vaults_room_grid, v_misc_29, vaults_room_fours, vaults_mumra_lcd,
          hangedman_vaults_variations
Vaults:3: grunt_vaults_focal, special_room_vaults, ontoclasm_vaults_twist,
          v_misc_2, nicolae_vaults_gold_heap, v_alt_pattern_1,
          nicolae_vaults_little_squares_1, vaults_room_pool,
          hangedman_vaults_nails, vaults_room_stairs_pillars,
          ontoclasm_vaults_loading_screen
Vaults:4: vaults_mumra_chevron, nicolae_vaults_ninety_degrees,
          nicolae_vaults_network_s, dpeg_vaults_monster_row, v_misc_29,
          vaults_room_fours, v_misc_5, nicolae_vaults_asterisk, serial_shops,
          shop_statue
Crypt:1:  uniq_saint_roka, uniq_boris, uniq_mara
Crypt:2:  basic_altar, uniq_khufu
Crypt:3:  grunt_crypt_end_deaths_head
Depths:1: hell_entry, grunt_decor_arrowhead, minmay_three_doors,
          minmay_shop_grove, serial_bayou_shore_a, grunt_megastairs_2
Depths:2: hangedman_cross_stitches, enter_ziggurat_e, minmay_misc_feat_tower,
          pf_coc_iceberg, abyss_entry_flame_altar
Depths:3: minmay_ambush_box, pf_hell_entry_tar_river, pan_entry,
          hangedman_decor_clover_reticule
Depths:4: hangedman_slaughterboxes, abyss_entry, hell_entry, uniq_enchantress
Depths:5: grunt_zot_entry_tricorne, pan_entry, grunt_decor_fettered,
          pf_vacation_house_of_asmodeus, serial_shops, shop, uniq_mennas
Dis:1:    lightli_tower_of_babel
Dis:5:    grunt_dis_stairs_iron_hall
Dis:7:    dis_grunt_layers
Geh:2:    hangedman_generic_boss_arena
Geh:6:    grunt_deathspiral_small
Geh:7:    geh_mu
Tar:5:    grunt_megastairs_1
Tar:6:    nicolae_tar_cuneiform_city, nicolae_tar_cuneiform_oil
Tar:7:    tar_grunt_cathedral
Abyss:1:  hangedman_cross_veins, hangedman_abyss_or_decor_clamps
Abyss:3:  evilmike_abyss_exit_glass, evilmike_abyss_rune_ettins
Pan:      evilmike_mini_pan_branches, pan_blood_fountain_small,
          nicolae_pan_double_arrow, lemuel_hellion_island,
          nicolae_pan_gloorx_vloqian_1, nicolae_pan_performance_anxiety,
          nicolae_pan_sick_transit, rand_demon_4, pan_surprise, rand_demon_5,
          lom_lobon_st, pan_blood_fountain, reaverb_pan_squares,
          nicolae_pan_giant_door, evilmike_mini_pan_layers, uniq_lom_lobon,
          evilmike_mini_pan_3x3, evilmike_mini_pan_corridor, uniq_lom_lobon,
          pan_blood_fountain_small, nicolae_pan_sigil_nadil, grunt_pan_sceptre,
          uniq_lom_lobon, evilmike_mini_pan_pillars_b,
          evilmike_mini_pan_pillars_b, nicolae_pan_diamonds, pan_blood_fountain,
          uniq_lom_lobon, evilmike_mini_pan_other_thingy, uniq_lom_lobon,
          evilmike_mini_pan_pillars_b, cerebov, uniq_lom_lobon,
          nicolae_pan_sigil_eeng, evilmike_mini_pan_doors, uniq_lom_lobon,
          pan_blood_fountain_small, reaverb_pan_figure_eight,
          evilmike_mini_pan_3x3, uniq_cerebov, evilmike_mini_pan_corridor,
          uniq_cerebov, uniq_lom_lobon, rand_demon_1,
          nicolae_pan_gloorx_vloqian_3, rand_demon_5, evilmike_mini_pan_pillars,
          nicolae_pan_lom_lobonic_1, gloorx_vloq, uniq_ignacio, uniq_cerebov,
          grunt_pan_spiral, uniq_lom_lobon, mnoleg
Zig:6:    ziggurat_pillar_centre_dead_trees
Zig:8:    ziggurat_pillar_centre_c
Lab:      labyrinth_mini_lab, nicolae_lab_statue, labyrinth_skeletal_remains,
          nicolae_lab_dead_end, nicolae_lab_big_swirl, nicolae_lab_grate,
          nicolae_lab_blocks, nicolae_lab_hexagon, nicolae_lab_quarters,
          nicolae_lab_stuck, nicolae_lab_lava, nicolae_lab_arrow, lab_block
Sewer:    sewer_kobolds
Bailey:   bailey_axe_bossmonster_kennysheep, bailey
WizLab:   wizlab_cloud

Skill      XL: |  1  2  3  4  5  6  7  8  9 10 11 12 13 14 15 16 17 18 19 20 21 22 23 24 25 26 27 |
---------------+----------------------------------------------------------------------------------+-----
Fighting       | 2 5 7 9 10 11 13 14 15 18 19 20 | 20.8
Maces & Flails | 1 3 5 6 8 10 11 12 13 14 15 16 17 18 19 20 | 20.9
Shields        | 1 6 7 8 9 15 | 15.6
Invocations    | 4 7 10 | 10.8
Dodging        | 5 8 10 11 12 13 | 13.4
Throwing       | 7 8 10 11 12 13 14 17 22 | 22.8
Evocations     | 4 6 8 10 15 | 15.0
Translocations | 3 4 8 9 12 13 14 | 14.7
Charms         | 2 4 5 6 |  6.4
Necromancy     | 4 5 6 8 |  8.0
Spellcasting   | 4 7 8 12 | 12.0
Armour         | 2 3 5 7 |  7.6
Air Magic      | 5 |  5.6
Summonings     | 5 |  5.1
Transmutations | 6 7 9 13 | 13.1
Earth Magic    | 6 7 9 13 | 13.1
Stealth        | |  1.5

Action                   |  1- 3 |  4- 6 |  7- 9 | 10-12 | 13-15 | 16-18 | 19-21 | 22-24 | 25-27 || total
-------------------------+-------+-------+-------+-------+-------+-------+-------+-------+-------++-------
Melee: Unarmed           |    19 |       |       |       |       |       |       |       |       ||    19
       Whip              |    91 |    78 |       |       |       |       |       |       |       ||   169
       Long sword        |       |    34 |       |       |       |       |       |       |       ||    34
       Flail             |       |    29 |    65 |   813 |   805 |       |       |    12 |       ||  1724
       Headbutt          |       |     8 |    25 |   170 |   322 |   257 |   369 |   468 |  1368 ||  2987
       Dagger            |       |     6 |       |       |       |       |       |       |       ||     6
       Giant club        |       |       |   174 |       |       |       |       |       |       ||   174
       Kick              |       |       |       |   175 |   487 |   382 |   566 |   715 |  1029 ||  3354
       Eveningstar       |       |       |       |       |   475 |  1109 |  1161 |  1398 |  1728 ||  5871
       Sacred scourge    |       |       |       |       |       |       |       |       |  2403 ||  2403
Throw: Tomahawk          |       |     1 |     1 |    15 |    33 |    48 |       |       |       ||    98
       Large rock        |       |       |       |       |       |     8 |    19 |    86 |   270 ||   383
       Javelin           |       |       |       |       |       |       |       |       |     4 ||     4
 Cast: Pain              |    21 |    10 |       |     3 |       |       |       |       |       ||    34
       Animate Skeleton  |    16 |    12 |    14 |    66 |   111 |    35 |    93 |     1 |    35 ||   383
       Regeneration      |       |     1 |       |       |    45 |    85 |    91 |   180 |   227 ||   629
       Vampiric Draining |       |     1 |       |       |       |       |       |       |       ||     1
       Apportation       |       |       |       |       |    15 |    25 |    42 |   112 |   142 ||   336
       Repel Missiles    |       |       |       |       |       |     6 |     8 |     1 |    24 ||    39
       Blink             |       |       |       |       |       |     1 |     3 |       |    16 ||    20
       Passage of Golubr |       |       |       |       |       |       |     3 |     2 |    37 ||    42
       Statue Form       |       |       |       |       |       |       |       |       |    59 ||    59
Invok: Lesser Servant of |       |       |       |    20 |    36 |    15 |     1 |       |       ||    72
       Minor Destruction |       |       |       |     8 |    10 |     8 |       |       |       ||    26
       Greater Servant o |       |       |       |       |       |     1 |     1 |       |     4 ||     6
 Abil: Evoke Invisibilit |       |       |       |       |     2 |     4 |       |       |       ||     6
       End Transformatio |       |       |       |       |       |       |       |       |     2 ||     2
Evoke: Wand              |       |       |     3 |     1 |     6 |    17 |    12 |     5 |    56 ||   100
       Phantom mirror    |       |       |       |       |       |       |       |     1 |       ||     1
       Phial of floods   |       |       |       |       |       |       |       |       |     1 ||     1
  Use: Scroll            |     4 |     2 |     5 |     8 |    23 |    17 |     4 |    13 |    36 ||   112
       Potion            |       |     8 |     6 |     3 |     3 |     6 |     2 |     9 |    29 ||    66
 Stab: Sleeping          |       |       |     1 |     9 |    10 |     1 |       |       |       ||    21
       Distracted        |       |       |       |     5 |    11 |     7 |    12 |     3 |     5 ||    43
       Invisible         |       |       |       |       |     1 |     4 |       |       |       ||     5
       Confused          |       |       |       |       |       |       |     1 |       |     2 ||     3
       Paralysed         |       |       |       |       |       |       |       |       |     1 ||     1
  Eat: Chunk             |     1 |     6 |    10 |    19 |    24 |    34 |    20 |       |     3 ||   117
       Pizza             |       |       |     2 |       |       |       |       |     1 |     1 ||     4
       Fruit             |       |       |       |     2 |     2 |     6 |     7 |    22 |     4 ||    43
       Royal jelly       |       |       |       |     1 |     3 |     1 |       |     1 |       ||     6
       Beef jerky        |       |       |       |       |     2 |       |     3 |     1 |     5 ||    11
       Bread ration      |       |       |       |       |       |       |       |     4 |    16 ||    20
       Meat ration       |       |       |       |       |       |       |       |       |     2 ||     2
Armor: Robe              |    42 |    41 |    38 |    29 |    13 |       |       |       |       ||   163
       Skin              |       |     1 |       |       |       |       |       |    47 |   323 ||   371
       Troll leather arm |       |       |       |       |    13 |       |       |       |       ||    13
       Mottled dragon ar |       |       |       |       |    28 |       |       |       |       ||    28
       Swamp dragon armo |       |       |       |       |    14 |   120 |    94 |   162 |   396 ||   786
Dodge: Dodged            |    73 |    92 |    83 |   209 |   637 |   503 |   536 |   890 |  2447 ||  5470
       Deflected         |       |       |       |       |       |    16 |    29 |     8 |    74 ||   127
Block: Shield            |       |       |    17 |   247 |   489 |   664 |   659 |  1049 |  1615 ||  4740
       Large shield      |       |       |       |       |       |       |       |       |  2328 ||  2328
